 Dungeon Crawl Stone Soup version 0.30-a0-800-g7c544603b3 (webtiles) character file.

Game seed: 1372460637195839824

149 sircluck the Covert (level 5, -3/33 HPs)
             Began as a Kobold Delver on Feb 22, 2023.
             Succumbed to a scorpion's poison
             ... on level 4 of the Dungeon.
             The game lasted 00:01:02 (435 turns).

sircluck the Covert (Kobold Delver)                  Turns: 435, Time: 00:01:02

Health: -3/33      AC:  3    Str: 10    XL:     5   Next: 56%
Magic:  5/5        EV: 14    Int: 11    God:
Gold:   28         SH:  0    Dex: 18    Spells: 4/4 levels left

rFire   . . .      SeeInvis .    a - +0 short sword
rCold   . . .      Faith    .    (no shield)
rNeg    . . .      Spirit   .    b - +0 leather armour
rPois   .          Reflect  .    (no helmet)
rElec   .          Harm     .    (no cloak)
rCorr   .          Rampage  .    (no gloves)
Will    .....                    (no boots)
Stlth   +++++                    (no amulet)
HPRegen 0.25/turn                (no ring)
MPRegen 0.09/turn                (no ring)

@: lethally poisoned (-3 -> -33)
A: small, no large weapons, nightstalker 3
a: no special abilities


You were on level 4 of the Dungeon.
You visited 1 branch of the dungeon, and saw 2 of its levels.

You collected 28 gold pieces.

Inventory:

Hand Weapons
 a - a +0 short sword (weapon)
Armour
 b - a +0 leather armour (worn)
 h - a +0 pair of boots
Wands
 g - a wand of digging (3)
Scrolls
 c - a scroll of fog
 d - a scroll of magic mapping
 i - 2 scrolls of identify {unknown}
Potions
 e - a potion of curing {unknown}
 f - a potion of haste


   Skills:
 + Level 3.8 Fighting
 + Level 3.9 Short Blades
 + Level 2.7 Dodging
 + Level 8.7 Stealth


You had 4 spell levels left.
You didn't know any spells.
Your spell library was empty.

Dungeon Overview and Level Annotations

Branches:
Dungeon (5/15)
 Temple: D:4-7

Altars:
Cheibriados
Trog


Innate Abilities, Weirdness & Mutations

You are small and have problems with some larger weapons.
You are completely attuned to the shadows.


Message History

The scorpion is heavily wounded.
The scorpion stings you.
You hit the scorpion.
The scorpion is heavily wounded.
The scorpion barely misses you.
You hit the scorpion.
The scorpion is severely wounded.
The scorpion stings you.
A scorpion is nearby!
A scorpion is nearby!
You hit the scorpion but do no damage.
The scorpion is severely wounded.
The scorpion stings you.
You are poisoned.
The scorpion poisons you!
You hit the scorpion.
The scorpion is almost dead.
You feel very sick. The scorpion stings you!
You are too injured to fight recklessly!
You are too injured to fight recklessly!
You are too injured to fight recklessly!
You are too injured to fight recklessly!
You closely miss the scorpion.
The scorpion is almost dead.
You feel sick. The scorpion stings you.
* * * LOW HITPOINT WARNING * * *
You are lethally poisoned!
The scorpion poisons you!
You hit the scorpion but do no damage.
The scorpion is almost dead.
* * * LOW HITPOINT WARNING * * *
You feel very sick. The scorpion stings you.
* * * LOW HITPOINT WARNING * * *
You are more poisoned.
The scorpion poisons you!
You hit the scorpion but do no damage.
The scorpion is almost dead.
You die...

..... ...#........ #
#...........
#.#.##..#.#.## ..
#.#.##..# #.#. ...
#.......###.## ##.#
#####.##........
...s##.###.###.......
#..@......).#.###.##
##.##.#.....#...#...
......#.....#.###.##
.##.####.....#.......
#. #.....#.......
#######.###.##
#.#...#. #.###.#.
........


You could see a scorpion.

Vanquished Creatures
  An ogre (D:4)
  2 jellies (D:4)
  2 kobolds (D:4)
5 creatures vanquished.

Notes
Turn   | Place    | Note
-------+----------+-------------------------------------------
     0 | D:5      | sircluck the Kobold Delver began the quest for the Orb.
     0 | D:5      | Reached XP level 1. HP: 14/14 MP: 1/1
    17 | D:5      | Noticed an ogre
    53 | D:5      | Noticed an iguana
   176 | D:4      | Noticed an ogre
   185 | D:4      | Killed an ogre
   186 | D:4      | Reached skill level 8 in Stealth
   186 | D:4      | Reached XP level 2. HP: 20/20 MP: 2/2
   186 | D:4      | Reached XP level 3. HP: 24/24 MP: 3/3
   186 | D:4      | Reached XP level 4. HP: 29/29 MP: 4/4
   240 | D:4      | Found a snail-covered altar of Cheibriados.
   252 | D:4      | Reached XP level 5. HP: 33/33 MP: 5/5
   259 | D:4      | Found a bloodstained altar of Trog.
   435 | D:4      | Succumbed to a scorpion's poison

Illustrated notes

Levels and vault maps discovered:
D:4:      layout_loops_cross, mainiacjoe_overflow_catwalk_spiral,
          minmay_misc_feat_nine_boxes, uniq_pikel
D:5:      layout_basic, gammafunk_temple_overflow_forgotten, minmay_manual_mares

Skill      XL: |  1 |
---------------+----+-----
Short Blades   | 3 |  3.9
Stealth        | 8 |  8.7
Fighting       | |  3.8
Dodging        | |  2.7

Action                     |  1- 3 |  4- 6 || total
---------------------------+-------+-------++-------
  Melee: Short sword       |     8 |    21 ||    29
    Use: Scroll            |     1 |       ||     1
   Stab: Sleeping          |     2 |     2 ||     4
 Armour: Leather armour    |       |     1 ||     1
  Dodge: Dodged            |     8 |     9 ||    17

Table legend: (Time is in decaauts)
 A = Elapsed time spent in this place.
 B = Non-inter-level travel time spent in this place.
 C = Inter-level travel time spent in this place.
 D = Time resting spent in this place.
 E = Time spent auto-exploring this place.
 F = Levels seen in this place.
 G = Mean time per level.
                   A        B        C        D        E       F      G
               +--------+--------+--------+--------+--------+-----+--------+
         Total |    430 |    430 |      0 |      0 |    267 |   2 |  215.0 |
       Dungeon |    430 |    430 |      0 |      0 |    267 |   2 |  215.0 |
               +--------+--------+--------+--------+--------+-----+--------+

Top non-repeatable levels by time:
     D:4: 307 daAuts
     D:5: 123 daAuts
